 Dungeon Crawl Stone Soup version 0.31.0-11-ge490571c62 (webtiles) character file.

Game seed: 14795799182822636643

77 Ijustatesigmund the Cudgeller (level 4, -2/42 HPs)
             Began as a Gargoyle Fighter on Feb 8, 2024.
             Slain by a gnoll
             ... wielding a +0 halberd
              (6 damage)
             ... on level 4 of the Dungeon.
             The game lasted 00:02:37 (1889 turns).

Ijustatesigmund the Cudgeller (Gargoyle Fighter)    Turns: 1889, Time: 00:02:39

Health: -2/42      AC: 11    Str: 19    XL:     4   Next: 33%
Magic:  4/4        EV:  9    Int: 11    God:
Gold:   150        SH:  4    Dex:  9    Spells: 3/3 levels left

rFire   . . .        a - +0 flail
rCold   . . .        c - +0 buckler
rNeg    + . .        b - +0 scale mail
rPois   ∞            (no helmet)
rElec   +            (no cloak)
rCorr   .            k - +0 pair of gloves
SInv    .            (no boots)
Will    .....        (no amulet) Stlth
                     l - ring of wizardry
HPRegen 0.27/turn    (no ring)
MPRegen 0.09/turn

%: wizardry (x1)
@: berserking, very quick
A: sickness immunity, AC +3, negative energy resistance 1, electricity
resistance, torment resistance 1, petrification resistance
a: no special abilities


You were on level 4 of the Dungeon.
You visited 1 branch of the dungeon, and saw 4 of its levels.

You collected 213 gold pieces.
You spent 63 gold pieces at shops.

Inventory:

Hand Weapons
 a - a +0 flail (weapon)
Armour
 b - a +0 scale mail (worn)
 c - a +0 buckler (worn)
 k - a +0 pair of gloves (worn)
Jewellery
 l - a ring of wizardry (left hand)
Scrolls
 f - a scroll of teleportation
 g - a scroll of torment
 h - 2 scrolls of identify
Potions
 d - a potion of might
 j - a potion of berserk rage
 m - a potion of degeneration {unknown}


   Skills:
 + Level 3.6 Fighting
 + Level 4.2 Maces & Flails
 - Level 3.2 Armour
 - Level 3.2 Shields


You had 3 spell levels left.
You didn't know any spells.
Your spell library was empty.

Dungeon Overview and Level Annotations

Branches:
Dungeon (4/15)
 Temple: D:4-7

Altars:

Shops:
D:2 [   D:3 (


Innate Abilities, Weirdness & Mutations

You are immune to sickness and miasma.
Your stone body is resilient. (AC +3)
You are immune to poison.
You resist negative energy. (rN+)
You are resistant to electric shocks. (rElec)
You are resistant to unholy torment.
You are immune to petrification.


Message History

You block the endoplasm's attack.
You hear a shout!
You see here a scroll labelled LITADW ODEHITUP.
You thump the endoplasm!
You kill the endoplasm!
A gnoll comes into view. It is wielding a +0 spear.
The gnoll shouts!
The gnoll barely misses you.
A gnoll comes into view. It is wielding a +0 club.
An iguana comes into view.
Found a stone staircase leading down.
The iguana hisses angrily.
You block the gnoll's attack.
The gnoll hits you from afar with a +0 spear.
An orc comes into view. It is wielding a +0 short sword.
You hit the gnoll.
The gnoll is lightly wounded.
The gnoll hits you but does no damage. The gnoll barely misses you.
You block the gnoll's attack.
You sock the gnoll!
You kill the gnoll!
The gnoll hits you but does no damage. x2; The gnoll barely misses you.
You closely miss the gnoll. The gnoll completely misses you.
The gnoll barely misses you. The gnoll hits you but does no damage.
The gnoll hits you from afar with a +0 spear.
The gnoll barely misses you. The gnoll hits you but does no damage.
You sock the gnoll!
The gnoll is severely wounded.
A giant cockroach comes into view.
The gnoll hits you with a +0 halberd!
The gnoll hits you from afar with a +0 spear.
* * * LOW HITPOINT WARNING * * *
The gnoll barely misses you.
A red film seems to cover your vision as you go berserk!
You feel yourself moving faster!
You feel mighty!
A ball python comes into view.
The gnoll barely misses you. The iguana bites you!
* * * LOW HITPOINT WARNING * * *
The gnoll hits you with a +0 halberd.
You die...

####### #§§...#
#. #§###)# # ..
#§§§#.#.#.#..
#.#####?#.....#
#.........#
#######@#...#
SB...olg#..##
###...gg. ##
..>.....##
###.#.#..
#.#.#.# # #.#.#
....#


You could see an iguana, 3 gnolls, an orc, a giant cockroach and a ball python
(wandering).

Vanquished Creatures
  A gnoll (D:4)
  A dart slug (D:1)
  9 ball pythons
  6 endoplasms
  3 giant cockroaches
  10 goblins
  7 hobgoblins
  3 quokkas
  5 bats
  3 frilled lizards
  6 kobolds
  6 rats
60 creatures vanquished.

Notes
Turn   | Place    | Note
-------+----------+-------------------------------------------
     0 | D:1      | Ijustatesigmund the Gargoyle Fighter began the quest for
                  | the Orb.
     0 | D:1      | Reached XP level 1. HP: 14/14 MP: 1/1
    96 | D:1      | Reached XP level 2. HP: 19/19 MP: 2/2
   111 | D:1      | Reached skill level 3 in Maces & Flails
   216 | D:1      | Reached XP level 3. HP: 23/23 MP: 3/3
   231 | D:1      | Found a faded altar of an unknown god.
   916 | D:2      | Reached skill level 4 in Maces & Flails
   957 | D:2      | Found Ukeozuecs's Armour Boutique.
   960 | D:2      | Bought a +0 pair of gloves for 63 gold pieces
  1359 | D:3      | Reached XP level 4. HP: 28/28 MP: 4/4
  1505 | D:3      | Found Deohul's Weapon Emporium.
  1889 | D:4      | Slain by a gnoll

Illustrated notes

Levels and vault maps discovered:
D:1:      nzn_arrival_depleted_hourglass, layout_rooms,
          hellmonk_ecumenical_altar_crossroads, minmay_stone_trees_medium,
          chequers_garden
D:2:      layout_rooms, serial_shops, nicolae_shop_tiny_real_fake_doors
D:3:      layout_loops_ring, serial_shops, nicolae_shop_real_fake_doors,
          serial_bayou_lagoon_b
D:4:      layout_basic, tso_metal_star, nicolae_kikubaaqudgha_miasma_corner,
          portal_sewer_entry_b

Skill      XL: |  1  2  3 |
---------------+----------+-----
Maces & Flails | 3 4 |  4.2
Fighting       | |  3.6
Armour         | |  3.2
Shields        | |  3.2

Action                     |  1- 3 |  4- 6 || total
---------------------------+-------+-------++-------
  Melee: Flail             |   153 |    20 ||   173
    Use: Scroll            |     3 |     2 ||     5
         Potion            |       |     1 ||     1
 Armour: Scale mail        |   107 |    19 ||   126
  Dodge: Dodged            |    80 |    17 ||    97
  Block: Buckler           |    36 |     5 ||    41
